 Dungeon Crawl Stone Soup version 0.24-b1-44-g37ad8b309f (webtiles) character file.

Game seed: 8121869078750039339, levelgen mode: deterministic

189 Mrkan the Cudgeler (level 5, -3/34 HPs)
             Began as a Gargoyle Monk on Oct 24, 2019.
             Was a Believer of Dithmenos.
             Killed by nerve-wracking pain
             ... invoked by Menkaure
              (5 damage)
             ... on level 4 of the Dungeon.
             The game lasted 00:04:01 (2434 turns).

Mrkan the Cudgeler (Gargoyle Monk)                  Turns: 2434, Time: 00:04:02

Health: -3/34      AC: 12    Str: 15    XL:     5   Next: 68%
Magic:  5/5        EV:  7    Int: 11    God:    Dithmenos [**....]
Gold:   187        SH:  0    Dex: 12    Spells: 4/4 levels left

rFire    . . .     SeeInvis .   a - +0 mace
rCold    . . .     Gourm    .   (no shield)
rNeg     + . .     Faith    .   n - +0 chain mail
rPois    ∞         Spirit   .   (no helmet)
rElec    +         Reflect  .   (no cloak)
rCorr    .         Harm     .   (no gloves)
MR       .....                  (no boots)
Stlth    ..........             (no amulet)
HPRegen  0.11/turn              (no ring)
MPRegen  0.09/turn              (no ring)

@: wreathed by umbra
A: negative energy resistance 1, electricity resistance, unbreathing,
petrification resistance, rot immunity, AC +4
a: Shadow Step, Renounce Religion


You were on level 4 of the Dungeon.
You worshipped Dithmenos.
Dithmenos was pleased with you.
You were not hungry.

You visited 1 branch of the dungeon, and saw 4 of its levels.

You collected 187 gold pieces.

Inventory:

Hand Weapons
 a - a +0 mace (weapon)
Missiles
 d - 60 stones (quivered)
 g - 18 poisoned darts
 r - 6 silver boomerangs
Armour
 f - a +1 pair of gloves
 n - a +0 chain mail (worn)
Scrolls
 e - 4 scrolls of remove curse {unknown}
 i - 4 scrolls of identify {unknown}
 m - a scroll of immolation {unknown}
 o - a scroll of amnesia {unknown}
 p - a scroll of teleportation {unknown}
Potions
 b - a potion of flight {unknown}
 h - a potion of agility {unknown}
 j - a potion of brilliance {unknown}
 k - a potion of mutation {unknown}
 l - a potion of might {unknown}
 q - a potion of ambrosia {unknown}
 t - 2 potions of heal wounds {unknown}
Comestibles
 c - 4 rations
 s - 7 chunks of flesh


   Skills:
 + Level 4.4 Fighting
 * Level 4.9 Maces & Flails
 - Level 2.4 Dodging
 - Level 3.3 Stealth
 + Level 1.3 Invocations


You had 4 spell levels left.
You didn't know any spells.
Your spell library was empty.

Dungeon Overview and Level Annotations

Branches:
Dungeon (4/15)
 Temple: D:4-7

Altars:
Dithmenos

Annotations:
D:4 Menkaure


Innate Abilities, Weirdness & Mutations

You are resistant to torment.
Your stone body is resilient. (AC +4)
You are immune to poison.
You resist negative energy. (rN+)
You are resistant to electric shocks. (rElec)
You can survive without breathing.
You are immune to petrification.
You are immune to rotting.


Message History

You see here a worm corpse.
Menkaure, Prince of Dust comes into view.
Menkaure shouts!
Menkaure mumbles some strange words.
Menkaure seems to speed up.
Menkaure points at you and mumbles some strange words.
Pain shoots through your body!
Your chain mail prevents you from hitting Menkaure.
Menkaure hits you!
You hit Menkaure.
Menkaure is lightly damaged.
Menkaure hits you!
Your chain mail prevents you from hitting Menkaure.
Menkaure is lightly damaged.
Menkaure hits you!
* * * LOW HITPOINT WARNING * * *
Menkaure sighs, "It doesn't hurt if you pull your brain out of your nose yourself."
Menkaure casts a spell at you. Pain shoots through your body!
You die...

#... #..# #..#
#..# #..# #..#
#..# #.M# ###..# #
#.@# #..... #.#..#
#.#..# #....#
#.#..# ####.#
#.#..# #†# #.#..##
#.##########.#....
#.<.............##
############......
#######


You could see Menkaure.

Vanquished Creatures
  A hound (D:4)
  An orc wizard (D:4)
  5 adders
  A shadow imp (D:4)
  3 worms
  A dart slug (D:1)
  10 orcs
  A giant cockroach (D:2)
  3 goblins
  9 hobgoblins
  4 jackals (D:3)
  7 kobolds (D:1)
  4 bats
  4 frilled lizards
  9 rats
63 creatures vanquished.

Notes
Turn   | Place    | Note
-------+----------+-------------------------------------------
     0 | D:1      | Mrkan the Gargoyle Monk began the quest for the Orb.
     0 | D:1      | Reached XP level 1. HP: 14/14 MP: 1/1
   102 | D:1      | Reached XP level 2. HP: 13/19 MP: 2/2
   639 | D:1      | Reached XP level 3. HP: 9/23 MP: 3/3
  1033 | D:2      | Reached XP level 4. HP: 19/29 MP: 4/4
  1986 | D:3      | Found a shadowy altar of Dithmenos.
  1996 | D:3      | Became a worshipper of Dithmenos the Shadowed
  1996 | D:3      | Reached * piety under Dithmenos
  1996 | D:3      | Reached ** piety under Dithmenos
  2272 | D:4      | Reached XP level 5. HP: 28/33 MP: 5/5
  2360 | D:4      | Reached skill level 1 in Invocations
  2428 | D:4      | Noticed Menkaure
  2434 | D:4      | Killed from afar by Menkaure

Skill      XL: |  1  2  3  4  5 |
---------------+----------------+-----
Stealth        | 3 |  3.3
Maces & Flails | 4 |  4.9
Fighting       | 4 |  4.4
Invocations    | 1 |  1.3
Dodging        | |  2.4

Action                   |  1- 3 |  4- 6 || total
-------------------------+-------+-------++-------
Melee: Mace              |    93 |   150 ||   243
 Stab: Sleeping          |     6 |       ||     6
  Eat: Chunk             |       |     5 ||     5
Armor: Robe              |    22 |       ||    22
       Scale mail        |    19 |    15 ||    34
       Chain mail        |       |    85 ||    85
Dodge: Dodged            |    41 |    70 ||   111
